 Dungeon Crawl Stone Soup version 0.20-a0-502-g555d78b (webtiles) character file.

41 Kaname the Grave Robber (level 3, 27/27 HPs)
             Began as a Demonspawn Necromancer on Jan 20, 2017.
             Got out of the dungeon alive.
             The game lasted 00:05:20 (1600 turns).

Kaname the Grave Robber (Demonspawn Necromancer)    Turns: 1600, Time: 00:05:20

Health: 27/27      AC:  4    Str:  3    XL:     3   Next: 32%
Magic:  6/6        EV: 12    Int: 20    God:
Gold:   131        SH:  4    Dex: 13    Spells: 2/6 levels left

rFire    . . .     SeeInvis .   g - +0 short sword
rCold    . . .     Gourm    .   a - +0 robe
rNeg     . . .     Faith    .   (no shield)
rPois    .         Spirit   .   l - +0 hat "Ruly" {rElec Str-5 Slay+3}
rElec    +         Reflect  .   s - +0 cloak
rCorr    .         Harm     .   (no gloves)
MR       .....                  (no boots)
Stlth    ++........             (no amulet)
Regen    0.1/turn               n - +3 ring of intelligence
                                o - +1 ring of protection

@: no status effects
A: claws 1, large bone plates 1
a: no special abilities


You escaped.
You were not hungry.

You visited 1 branch of the dungeon, and saw 2 of its levels.

You collected 131 gold pieces.

Inventory:

Hand Weapons
 g - a +0 short sword (weapon)
 m - a +0 long sword
Armour
 a - a +0 robe (worn)
 l - the +0 hat "Ruly" (worn) {rElec Str-5 Slay+3}
   (You found it on level 1 of the Dungeon)

   It affects your strength (-5).
   It affects your accuracy and damage with ranged weapons and melee attacks
   (+3).
   It insulates you from electricity.
 s - a +0 cloak (worn)
Jewellery
 e - an uncursed ring of ice
 n - a +3 ring of intelligence (right claw)
 o - a +1 ring of protection (left claw)
Scrolls
 f - a scroll of teleportation {unknown}
Potions
 d - 2 potions of haste {unknown}
 h - 2 potions of might {unknown}
 i - a potion of flight {unknown}
 j - a potion of agility {unknown}
 k - a potion of curing {unknown}
 q - a potion of resistance {unknown}
Books
 b - a book of Necromancy

   Spells                             Type                      Level
   a - Pain                           Necromancy                   1
   b - Animate Skeleton               Necromancy                   1
   c - Vampiric Draining              Necromancy                   3
   d - Regeneration                   Charms/Necromancy            3
   e - Animate Dead                   Necromancy                   4
   f - Control Undead                 Necromancy                   4
Comestibles
 c - a bread ration
 p - a beef jerky
 r - a chunk of flesh


   Skills:
 - Level 2.0 Fighting
 - Level 1.7 Dodging
 - Level 1.7 Stealth
 - Level 2.0 Spellcasting
 + Level 5.1 Necromancy


You had 2 spell levels left.
You knew the following spells:

 Your Spells              Type           Power        Failure   Level  Hunger
a - Pain                  Necr           ###.         1%          1    #......
b - Vampiric Draining     Necr           ###.......   8%          3    ###....


Dungeon Overview and Level Annotations

Branches:
Dungeon (2/15)

Altars:


Innate Abilities, Weirdness & Mutations

You have sharp fingernails.
You are partially covered in large bone plates. (SH +4)


Message History

You are feeling hungry.
This raw flesh tastes terrible.
There is an open door here.
You see here 11 bolts.
You see here a ball python corpse.
There is an open door here.
There is an open door here.
You enter the shallow water.
Moving in this stuff is going to be slow.
You see here a cloak.
You enter the shallow water.
Moving in this stuff is going to be slow.
There is a stone staircase leading up here.
You climb upwards.
There is a stone staircase leading down here.
There is a dry fountain here.
There is an open door here.
There is a staircase leading out of the dungeon here.
Are you sure you want to leave the Dungeon?
This will make you lose the game!
You have escaped!

##..########..#...........#...#
#...#........#.###...###.#####
##..#.#>#.#..#.#.......#.#
#..#..###...#.#.⌠.#.⌠.#.#
####..#.## ##..#.....#.....#
.(....#..###...#....###....#
....#.#.#.#.#..####..#..####
###.#.#........#..'.....'..#
......####.....#@.###'###..#
###.#.####.##.##..#.....#..#
......)........##############
......####.##.#####..##..##.#
###.#.# #.#.>.##....##..##.#
#.#.# #...#.......##..##.#####
#.#.# #.#...##.#####..##......
#.#.# #....###.#####..##.#####
#.#.# ####............##.#


There were no monsters in sight!

Vanquished Creatures
  A worm (D:2)
  2 dart slugs (D:1)
  A ball python (D:2)
  4 goblins (D:1)
  5 hobgoblins
  3 jackals (D:2)
  5 kobolds
  7 bats
  2 frilled lizards
  A rat (D:1)
31 creatures vanquished.

Notes
Turn   | Place    | Note
-------+----------+-------------------------------------------
     0 | D:1      | Kaname the Demonspawn Necromancer began the quest for the Orb.
     0 | D:1      | Reached XP level 1. HP: 13/13 MP: 3/3
   366 | D:1      | Gained mutation: You have sharp fingernails. [demonic ancestry]
   366 | D:1      | Reached XP level 2. HP: 20/20 MP: 3/5
   513 | D:1      | Reached skill level 5 in Necromancy
   670 | D:1      | Reached skill level 1 in Fighting
  1059 | D:1      | Got an ichor-stained hat
  1068 | D:1      | Identified the +0 hat "Ruly" {rElec Str-5 Slay+3} (You found it on level 1 of the Dungeon)
  1193 | D:2      | Gained mutation: You are partially covered in large bone plates. (SH +4) [demonic ancestry]
  1193 | D:2      | Reached XP level 3. HP: 24/27 MP: 6/6
  1225 | D:2      | Learned a level 3 spell: Vampiric Draining
  1600 | D:$      | Got out of the dungeon alive.

Vault maps used:
D:1:      dpeg_arrival_court, minmay_misc_feat_square, st_stairs_5, minivault_5,
          minmay_pentomino_u2
D:2:      elyvilon_altar_4, serial_bayou_lagoon_a

Skill      XL: |  1  2  3 |
---------------+----------+-----
Necromancy     | 5 |  5.1
Fighting       | 1 2 |  2.0
Dodging        | |  1.7
Stealth        | |  1.7
Spellcasting   | |  2.0

Action                   || total
-------------------------++-------
Melee: Short sword       ||    45
 Cast: Pain              ||    34
       Vampiric Draining ||     1
  Use: Scroll            ||     1
 Stab: Sleeping          ||     1
  Eat: Chunk             ||     3
Armor: Robe              ||    21
Dodge: Dodged            ||    29
Block: Other             ||     5
